Map: Lost and Found LE

Players

Zanster

  • Race: Zerg Zerg
  • Spawn Location: 7:00

Cham - Winner!

  • Race: Zerg Zerg
  • Spawn Location: 1:00

Event: WCS Montreal 2018

VOD

Have the link to the VOD?

Description

Time

  • Played on: Sept. 7, 2018, 5:03 p.m.
  • Length: 11:52

All games in this series

Show
View Real Time Build Order
Export as new Build Order

Zanster Zerg 

Build Orders: Hatch First 

Get SALT Encoding   

  12  0:01  Drone  
  13  0:13  Overlord  
  13  0:17  Drone  
  14  0:31  Drone x2  
  16  0:48  Hatchery  
  15  0:51  Drone  
  15  0:55  Drone  
  17  1:08  Spawning Pool  
  16  1:11  Drone  
  16  1:13  Extractor  
  16  1:16  Drone  
  17  1:20  Drone  
  18  1:29  Drone  
  19  1:39  Drone  
  20  1:49  Overlord  
  20  1:56  Queen  
  20  2:00  Drone, Queen  
  20  2:01  Drone  
  26  2:11  Drone  
  26  2:12  Drone  
  26  2:13  Metabolic Boost  
  28  2:22  Drone  
  29  2:23  Drone  
  30  2:36  Hatchery  
  29  2:38  Drone  
  29  2:39  Drone  
  31  2:46  Zergling x2, Baneling Nest  
  31  2:48  Zergling x2  
  32  2:55  Overlord  
  32  2:57  Drone  
  33  3:05  Drone x2  
  35  3:06  Drone  
  36  3:13  Drone x5  
  36  3:19  Queen  
  41  3:21  Overlord  
  41  3:27  Drone  
  44  3:28  Evolution Chamber  
  44  3:33  Zergling x2  
  44  3:39  Overlord  
  44  3:40  Zergling x2  
  45  3:43  Drone x5  
  45  3:46  Drone  
  45  3:47  Drone  
  45  3:48  Drone  
  53  3:59  Zerg Missile Weapons Level 1  
  53  4:00  Drone x3  
  53  4:01  Extractor  
  53  4:02  Extractor  
  53  4:07  Overlord  
  53  4:08  Roach Warren  
  52  4:11  Lair  
  52  4:13  Zergling x2  
  52  4:14  Zergling x2  
  54  4:20  Zergling x8  
  54  4:21  Baneling  
  58  4:30  Zergling x10  
  63  4:34  Overlord  
  63  4:35  Baneling x3  
  61  4:46  Baneling x3  
  61  4:51  Drone x9  
  70  4:54  Drone  
  70  4:55  Drone  
  70  4:58  Drone x2  
  74  5:02  Drone  
  74  5:05  Overlord  
  75  5:10  Drone  
  76  5:15  Overlord  
  76  5:16  Glial Reconstitution  
  76  5:18  Drone  
  76  5:22  Drone x2  
  76  5:23  Drone x3  
  81  5:33  Extractor x2, Roach x5  
  81  5:35  Overlord  
  85  5:40  Spine Crawler  
  85  5:41  Spine Crawler, Roach x3  
  85  5:42  Roach  
  91  5:48  Roach x2  
  95  5:52  Overlord  
  95  5:56  Roach  
  97  5:58  Overlord  
  97  6:05  Roach x3  
  97  6:06  Overlord x2  
  105  6:14  Roach x4  
  105  6:15  Hatchery  
  112  6:20  Roach x4  
  112  6:21  Zerg Missile Weapons Level 2  
  112  6:23  Overlord  
  120  6:28  Roach x2  
  120  6:30  Pneumatized Carapace  
  124  6:36  Drone x4  
  124  6:37  Extractor, Drone  
  128  6:42  Drone  
  128  6:44  Overlord  
  128  6:45  Drone  
  128  6:46  Drone x5  
  136  6:47  Drone  
  134  6:56  Roach x2  
  134  7:01  Roach x2  
  138  7:04  Roach x2  
  130  7:10  Spire  
  130  7:13  Roach x3  
  128  7:18  Roach x2  
  128  7:21  Extractor  
  128  7:24  Extractor, Roach  
  128  7:29  Roach x3  
  122  7:32  Roach  
  122  7:35  Roach  
  122  7:36  Roach x7  
  130  7:39  Queen  
  134  7:44  Roach x5  
  134  7:49  Overlord  
  134  7:50  Overlord  
  142  7:52  Roach x2  
  146  8:00  Roach x2  
  146  8:03  Roach x2  
  154  8:09  Roach  
  154  8:10  Roach x5  
  166  8:15  Roach x3  
  172  8:30  Overlord x3  
  172  8:37  Mutalisk x5  
  172  8:38  Mutalisk  
  172  8:40  Overseer  
  176  8:48  Mutalisk x2  
  176  8:49  Infestation Pit  
  176  8:51  Overlord, Hydralisk Den  
  180  8:55  Roach  
  180  8:56  Roach x4  
  180  8:59  Drone x2  
  192  9:10  Roach x5  
  194  9:36  Roach  
  194  9:37  Roach x3  
  196  9:49  Muscular Augments, Hive  
  196  9:52  Lurker Den, Roach x2  
  199  9:53  Roach x2  
  199  9:57  Roach x11  
  177  10:00  Burrow  
  177  10:03  Tunneling Claws  
  169  10:08  Roach x4  
  169  10:12  Overseer  
  177  10:19  Roach x8  
  179  10:22  Overseer  
  179  10:26  Roach x3  
  181  10:28  Ravager  
  181  10:31  Hydralisk  
  181  10:32  Hydralisk  
  186  10:38  Hydralisk  
  186  10:39  Hydralisk x2  
  192  10:47  Hydralisk x3  
  192  10:48  Roach  
  187  10:52  Overseer  
  187  10:54  Roach  
  187  10:55  Roach x2  
  183  11:01  Roach x5  
  169  11:05  Roach  
  161  11:13  Roach x18  
  161  11:15  Roach x4  
  160  11:18  Overseer  
  160  11:24  Lurker x2  
  155  11:26  Roach x3  
  155  11:29  Roach  
  155  11:30  Roach x2  
Show
View Real Time Build Order
Export as new Build Order

Cham Zerg - Winner!

Build Orders: Hatch First, Lurkers 

Get SALT Encoding   

  12  0:00  Drone  
  13  0:08  Drone  
  14  0:16  Overlord  
  14  0:36  Drone x2  
  16  0:47  Hatchery  
  15  0:50  Drone  
  15  0:54  Drone  
  17  1:01  Extractor  
  16  1:10  Spawning Pool  
  15  1:14  Drone  
  15  1:16  Drone  
  17  1:30  Drone  
  18  1:37  Drone  
  19  1:40  Drone  
  20  1:53  Drone  
  21  1:58  Queen x2  
  26  2:01  Zergling x2  
  26  2:04  Metabolic Boost  
  26  2:05  Drone  
  27  2:11  Overlord  
  27  2:15  Drone  
  28  2:31  Hatchery  
  27  2:38  Baneling Nest  
  27  2:40  Drone  
  27  2:42  Drone  
  28  2:44  Drone  
  28  2:47  Drone  
  28  2:49  Drone  
  31  2:54  Overlord  
  31  2:58  Drone  
  32  3:00  Drone  
  32  3:03  Zergling x2  
  34  3:06  Zergling x2  
  34  3:09  Overlord  
  35  3:13  Drone  
  35  3:15  Drone  
  35  3:16  Drone  
  35  3:19  Drone  
  39  3:20  Drone  
  39  3:21  Baneling  
  39  3:23  Drone  
  39  3:26  Drone  
  42  3:31  Overlord  
  42  3:37  Drone x2  
  42  3:40  Queen  
  46  3:44  Drone x2  
  46  3:46  Zergling x4  
  46  3:47  Zergling x2  
  50  3:50  Zergling x2  
  50  3:52  Zergling x2  
  53  3:55  Zergling x4  
  53  3:56  Zergling x2  
  55  4:06  Zergling x6  
  58  4:10  Drone, Zergling x4, Roach Warren  
  58  4:11  Drone  
  58  4:14  Drone x2  
  58  4:16  Drone  
  64  4:18  Drone  
  64  4:22  Baneling x2  
  64  4:23  Baneling, Overlord  
  65  4:28  Drone  
  66  4:36  Overlord  
  65  4:43  Extractor x2, Evolution Chamber  
  65  4:44  Overlord  
  62  4:47  Drone x6  
  62  4:48  Drone  
  62  4:49  Drone  
  62  4:50  Drone  
  62  4:52  Drone x2  
  73  4:54  Overlord  
  73  4:55  Drone x2  
  73  4:58  Lair  
  73  4:59  Drone  
  76  5:03  Roach  
  78  5:09  Zerg Missile Weapons Level 1  
  78  5:12  Overlord  
  78  5:15  Drone x2  
  78  5:16  Overlord x2  
  78  5:24  Roach  
  78  5:28  Drone x3, Overlord  
  81  5:31  Overlord  
  79  5:37  Extractor, Overlord, Roach x3  
  79  5:38  Extractor, Drone  
  79  5:41  Extractor  
  79  5:42  Roach  
  85  5:43  Overlord  
  85  5:46  Drone  
  86  5:51  Overlord  
  86  5:52  Drone  
  87  5:57  Drone x2  
  87  5:58  Drone x2, Glial Reconstitution, Hydralisk Den  
  87  6:04  Overlord  
  89  6:07  Drone x2  
  90  6:15  Hatchery  
  90  6:17  Drone x2  
  90  6:18  Roach x2  
  95  6:19  Roach  
  95  6:24  Drone x3  
  100  6:29  Overlord, Roach x2  
  104  6:36  Drone, Overlord  
  104  6:38  Lurker Den, Roach  
  106  6:41  Roach  
  106  6:42  Roach  
  106  6:44  Roach  
  106  6:46  Roach  
  114  6:50  Roach x2  
  114  6:52  Roach  
  114  6:53  Roach  
  117  6:55  Roach  
  117  6:57  Roach  
  113  7:01  Roach x2  
  113  7:02  Roach  
  113  7:03  Roach  
  113  7:05  Roach  
  116  7:11  Roach x3  
  116  7:13  Roach  
  116  7:14  Roach  
  112  7:17  Roach x2  
  112  7:22  Roach  
  111  7:26  Roach x2  
  111  7:27  Roach x2  
  104  7:32  Roach x2  
  104  7:36  Roach x2  
  101  7:38  Roach  
  101  7:41  Roach  
  105  7:45  Hydralisk x2  
  105  7:51  Hydralisk x2  
  109  7:54  Hydralisk  
  109  7:56  Hydralisk  
  118  7:58  Drone x2  
  118  8:00  Drone  
  118  8:02  Drone  
  118  8:03  Drone  
  118  8:04  Drone  
  123  8:10  Hydralisk x2  
  123  8:11  Hydralisk  
  129  8:13  Lurker  
  129  8:14  Lurker  
  129  8:16  Lurker  
  129  8:18  Lurker  
  133  8:20  Drone  
  133  8:21  Drone x2  
  133  8:22  Lurker  
  133  8:23  Drone  
  138  8:31  Lurker, Overlord  
  138  8:32  Overlord  
  138  8:33  Roach  
  141  8:35  Roach  
  141  8:38  Roach x2  
  133  8:42  Drone x2, Overlord  
  133  8:46  Roach x2  
  133  8:47  Lurker  
  140  8:49  Roach  
  140  8:51  Roach  
  144  8:56  Roach x2  
  144  9:02  Hydralisk, Roach x2  
  154  9:03  Roach x2  
  154  9:05  Lurker  
  154  9:06  Overlord  
  154  9:09  Roach x2  
  161  9:12  Roach  
  161  9:15  Roach x2  
  163  9:20  Roach x2  
  163  9:21  Roach  
  163  9:23  Roach  
  167  9:26  Lurker  
  167  9:27  Hydralisk x2  
  167  9:29  Hydralisk  
  170  9:34  Hydralisk  
  170  9:35  Hydralisk  
  170  9:38  Hydralisk, Spore Crawler  
  171  9:43  Hydralisk  
  164  9:46  Hydralisk  
  164  9:49  Drone x4  
  164  9:50  Extractor, Drone  
  167  9:54  Hydralisk  
  167  9:56  Hydralisk  
  167  9:58  Roach  
  169  10:00  Roach  
  169  10:03  Roach  
  169  10:04  Roach  
  169  10:05  Roach  
  175  10:09  Roach x2  
  175  10:12  Roach x2  
  183  10:15  Roach x2  
  183  10:18  Roach  
  187  10:24  Roach x3  
  187  10:27  Roach  
  195  10:32  Roach x2  
  199  10:36  Lurker, Overlord  
  200  10:49  Roach  
  196  10:50  Roach x3  
  196  10:53  Roach  
  196  10:56  Roach x4  
  180  11:04  Roach x3  
  180  11:05  Roach x2  
  180  11:06  Roach  
  182  11:14  Hydralisk, Roach  
  182  11:17  Roach  
  184  11:18  Roach  
  184  11:21  Roach  
  176  11:27  Roach  
  176  11:28  Roach x2  
  180  11:40  Extractor  
  180  11:42  Spine Crawler  
  180  11:44  Extractor  
Tags
 
Add a new tag
Caveats
  • Supply blocks, unpowered buildings, or Contaminate may cause inaccurate times.
  • Supply counts are checked every 10 seconds.